 Dungeon Crawl Stone Soup version 0.20.1-1-g8b1a95d (webtiles) character file.

425 Lanoc the Sneak (level 6, 0/42 HPs)
             Began as an Octopode Assassin on Dec 2, 2017.
             Slain by a gnoll
             ... wielding a +0 spear
              (6 damage)
             ... on level 3 of the Dungeon.
             The game lasted 00:10:19 (2492 turns).

Lanoc the Sneak (Octopode Assassin)                 Turns: 2492, Time: 00:10:19

Health: 0/42       AC:  1    Str: 10    XL:     6   Next: 96%
Magic:  6/6        EV: 14    Int: 13    God:
Gold:   190        SH:  0    Dex: 16    Spells: 5/5 levels left

rFire    . . .     SeeInvis .   a - +2 dagger
rCold    . . .     Gourm    .   (no shield)
rNeg     . . .     Faith    .   (helmet restricted)
rPois    .         Spirit   .   q - amulet of regeneration
rElec    .         Reflect  .   i - ring of resist corrosion
rCorr    +         Harm     .   (no ring)
MR       ++...                  (no ring)
Stlth    +++++.....             (no ring)
Regen    0.6/turn               (no ring)
MPRegen  0.1/turn               (no ring)
                                (no ring)
                                (no ring)

@: no status effects
A: almost no armour, stealthy swim, amphibious, 8 rings, constrict 8, camouflage
1, blurry vision 1, magic resistance 2, gelatinous body 1
a: no special abilities


You were on level 3 of the Dungeon.
You were not hungry.

You visited 1 branch of the dungeon, and saw 3 of its levels.

You collected 190 gold pieces.

Inventory:

Hand Weapons
 a - a +2 dagger (weapon)
 b - a +0 blowgun
Missiles
 c - 16 poisoned needles
 d - 2 curare-tipped needles
Jewellery
 i - a ring of resist corrosion (left tentacle)
 n - an uncursed amulet of harm
 q - an amulet of regeneration (around mantle)
Scrolls
 e - 2 scrolls of teleportation {unknown}
 h - 5 scrolls of remove curse {unknown}
 k - 2 scrolls of recharging {unknown}
 l - 2 scrolls of amnesia {unknown}
 m - 2 scrolls of identify {unknown}
 o - a scroll of noise {unknown}
 v - a scroll of fog {unknown}
 w - a scroll of magic mapping {unknown}
 x - 2 scrolls of enchant armour {unknown}
Potions
 p - a potion of brilliance {unknown}
 r - a potion of curing
Comestibles
 f - 2 bread rations
 j - 4 meat rations
 t - 3 fruits
 z - a royal jelly


   Skills:
 + Level 3.1 Fighting
 * Level 3.8 Short Blades
 + Level 3.2 Throwing
 + Level 2.6 Dodging
 * Level 7.9 Stealth


You had 5 spell levels left.
You didn't know any spells.

Dungeon Overview and Level Annotations

Branches:
Dungeon (3/15)

Altars:
Xom


Innate Abilities, Weirdness & Mutations

You cannot wear most types of armour.
You are very stealthy in the water. (Stealth+)
You are amphibious.
You can wear up to eight rings at the same time.
You can use your tentacles to constrict eight enemies at once.
Your skin changes colour to match your surroundings (Stealth+).
Your rubbery body absorbs attacks. (AC +1, EV +1)
Scrolls take you a little longer to read.
You are highly resistant to hostile enchantments. (MR++)


Message History

You hit the gnoll. Your grab misses the gnoll.
The gnoll is heavily wounded.
You hit the gnoll. You grab the gnoll.
The gnoll is severely wounded.
You constrict the gnoll. The gnoll misses you. The gnoll barely misses you.
You hit the gnoll.
You kill the gnoll!
The gnoll hits you from afar with a spear!
The gnoll hits you with a halberd!
You hit the gnoll but do no damage. You grab the gnoll. You squeeze the gnoll!
The gnoll is heavily wounded.
You constrict the gnoll. The gnoll hits you with a halberd!
* * * LOW HITPOINT WARNING * * *
The gnoll hits you from afar with a spear.
* * * LOW HITPOINT WARNING * * *
You hit the gnoll.
The gnoll is severely wounded.
You constrict the gnoll, but do no damage.
The gnoll hits you from afar with a spear.
You die...

#.........### #......####.#
##########...<.####..#
...)...........##....#
#########...g.......##
##.......#.##
####.....###g######
#######.)......##.......#
#..............g@.#####.#
..####.............# #.#
...........#.#...#.####.#
...........#<....#....#.#
...####..###...###..#.#.##
....##...###........#....#
#.#....###......#.###..#.####
...........##...#......#....#
.#####.#......###..#.###..#K#


You could see 2 gnolls.

Vanquished Creatures
  The ghost of Lanoc the Skirmisher, an amateur DgFi (D:3)
  An ogre (D:3)
  Jessica (D:2)
  Natasha (thrice) (D:3)
  3 adders
  A gnoll (D:3)
  2 leopard geckos (D:2)
  2 orcs (D:3)
  8 bats
  5 giant cockroaches
  9 goblins
  5 hobgoblins
  6 jackals (D:2)
  5 kobolds
  2 quokkas (D:3)
  A ball python (D:3)
  6 frilled lizards
  7 rats
68 creatures vanquished.

Notes
Turn   | Place    | Note
-------+----------+-------------------------------------------
     0 | D:1      | Lanoc the Octopode Assassin began the quest for the Orb.
     0 | D:1      | Reached XP level 1. HP: 14/14 MP: 1/1
   215 | D:1      | Reached XP level 2. HP: 19/19 MP: 2/2
   967 | D:2      | Reached skill level 6 in Stealth
   967 | D:2      | Reached XP level 3. HP: 20/24 MP: 3/3
   988 | D:2      | Noticed Jessica
   994 | D:2      | Killed Jessica
  1016 | D:2      | Reached XP level 4. HP: 27/29 MP: 4/4
  1352 | D:2      | Found a shimmering altar of Xom.
  1755 | D:3      | Noticed Natasha
  1759 | D:3      | Found a faded altar of an unknown god.
  1765 | D:3      | Killed Natasha
  1765 | D:3      | Reached XP level 5. HP: 12/34 MP: 5/5
  1789 | D:3      | Noticed Natasha
  1808 | D:3      | Killed Natasha
  1808 | D:3      | Reached skill level 7 in Stealth
  1875 | D:3      | Noticed Lanoc's ghost (amateur DgFi)
  1890 | D:3      | Noticed Natasha
  2163 | D:3      | Gained mutation: Scrolls take you a little longer to read. [potion of mutation]
  2163 | D:3      | Gained mutation: You are resistant to hostile enchantments. (MR+) [potion of mutation]
  2163 | D:3      | Gained mutation: You are highly resistant to hostile enchantments. (MR++) [potion of mutation]
  2167 | D:3      | Killed Lanoc's ghost
  2167 | D:3      | Reached XP level 6. HP: 38/41 MP: 6/6
  2263 | D:3      | Killed Natasha
  2492 | D:3      | Slain by a gnoll

Skill      XL: |  1  2  3  4  5  6 |
---------------+-------------------+-----
Stealth        | 6 7 |  7.9
Dodging        | 2 |  2.6
Short Blades   | 3 |  3.8
Throwing       | 3 |  3.2
Fighting       | 3 |  3.1

Action                   |  1- 3 |  4- 6 || total
-------------------------+-------+-------++-------
Melee: Dagger            |    45 |   135 ||   180
       Constrict         |    11 |    29 ||    40
       Tentacles         |     5 |    28 ||    33
  Use: Potion            |       |     4 ||     4
 Stab: Sleeping          |     7 |    13 ||    20
       Invisible         |       |     3 ||     3
  Eat: Chunk             |       |     3 ||     3
       Royal jelly       |       |     1 ||     1
Armor: Skin              |     4 |     6 ||    10
Dodge: Dodged            |    25 |    86 ||   111
